 Dungeon Crawl Stone Soup version 0.27-a0-1301-g128193abf8 (webtiles) character file.

Game seed: 2192451143485920035

42 Johnny the Digger (level 3, 0/20 HPs)
             Began as a Deep Elf Earth Elementalist on June 17, 2021.
             Slain by an adder (4 damage)
             ... on level 2 of the Dungeon.
             The game lasted 00:01:23 (2065 turns).

Johnny the Digger (Deep Elf Earth Elementalist)     Turns: 2065, Time: 00:01:24

Health: 0/20       AC:  2    Str:  5    XL:     3   Next: 35%
Magic:  10/10      EV: 12    Int: 20    God:
Gold:   73         SH:  0    Dex: 15    Spells: 8/9 levels left

rFire    . . .     SeeInvis .   a - +0 club
rCold    . . .     Faith    .   (no shield)
rNeg     . . .     Spirit   .   b - +0 robe
rPois    .         Reflect  .   (no helmet)
rElec    .         Harm     .   (no cloak)
rCorr    .         Rampage  .   (no gloves)
Will     .....                  (no boots)
Stlth    ++........             (no amulet)
HPRegen  0.06/turn              (no ring)
MPRegen  0.12/turn              (no ring)

@: very slightly contaminated, invisible
A: no striking features
a: no special abilities


You were on level 2 of the Dungeon.
You visited 1 branch of the dungeon, and saw 2 of its levels.

You collected 73 gold pieces.

Inventory:

Hand Weapons
 a - a +0 club (weapon)
Armour
 b - a +0 robe (worn)
Jewellery
 f - an amulet of reflection
Scrolls
 h - a scroll of noise {unknown}
 i - a scroll of immolation {unknown}
Potions
 d - a potion of invisibility
 e - a potion of curing {unknown}
 g - a potion of magic {unknown}


   Skills:
 * Level 1.6 Fighting
 - Level 2.4 Dodging
 - Level 2.4 Stealth
 + Level 3.6 Spellcasting
 - Level 1.1 Transmutations
 + Level 3.7 Earth Magic


You had 8 spell levels left.
You knew the following spells:

 Your Spells              Type           Power      Damage    Failure   Level
a - Sandblast             Erth           36%        2d10      2%          1

Your spell library contained the following spells:

 Spells                   Type           Power      Damage    Failure   Level
 Passwall                 Tmut/Erth      10%        N/A       8%          2
 Stone Arrow              Conj/Erth      22%        3d8       19%         3
 Petrify                  Tmut/Erth      13%        N/A       43%         4
 Lee's Rapid Deconstruct  Erth           9%         3d8*      61%         5


Dungeon Overview and Level Annotations

Branches:
Dungeon (2/15)

Altars:


Message History

The jackal bites you.
Casting: Sandblast (safe; 2% risk of failure)
Confirm with . or Enter, or press ? or * to list all spells.
Aiming: Sandblast (safe; 2% risk of failure)
Press: ? - help, Shift-Dir - straight line, f - jackal
Aim: a jackal (moderately wounded, 74% to hit)
The blast of sand hits the jackal.
You kill the jackal!
You now have no stones remaining.
No previous command to re-do.
No previous command to re-do.
An adder comes into view.
An adder is nearby!
An adder is nearby!
An adder is nearby!
The adder hisses angrily.
The adder misses you.
Casting: Sandblast (safe; 2% risk of failure)
Confirm with . or Enter, or press ? or * to list all spells.
You don't have any stones to cast with.
You don't have any stones to cast with.
You don't have any stones to cast with.
You don't have any stones to cast with.
Unknown command.
The adder bites you.
You are poisoned.
The adder poisons you!
Found a stone staircase leading up.
You feel sick.
It was a potion of invisibility.
You fade into invisibility!
You feel sick. The adder barely misses you.
You are very lightly contaminated with residual magic.
Okay, then.
You miss the adder.
You feel sick. The adder closely misses you. x2
You closely miss the adder.
You feel sick. The adder misses you.
You closely miss the adder.
You feel sick.
You are no longer poisoned.
The adder bites you but does no damage. The adder bites you.
You die...

#.........#
###.........# ##########
...†.....†..# #...<.....
.##.........# .........
.#######...## <.[......
.#######..†#####........
......................>.
.#######....†..#S######
.# ###.....#@# ...
#.....#.# ##..
.....†####.# .# #..##..#
#.# # ## #..# ..# #..#
##. ... . .... .


You could see an adder.

Vanquished Creatures
  A dart slug (D:1)
  A worm (D:2)
  An endoplasm (D:1)
  A giant cockroach (D:1)
  A goblin (D:1)
  3 hobgoblins
  7 jackals
  4 kobolds (D:1)
  2 ball pythons
  5 bats
  4 frilled lizards
  5 rats
35 creatures vanquished.

Notes
Turn   | Place    | Note
-------+----------+-------------------------------------------
     0 | D:1      | Johnny the Deep Elf Earth Elementalist began the quest for
                  | the Orb.
     0 | D:1      | Reached XP level 1. HP: 10/10 MP: 6/6
   143 | D:1      | Reached XP level 2. HP: 10/16 MP: 5/8
   269 | D:1      | Reached skill level 1 in Fighting
   990 | D:1      | Reached XP level 3. HP: 16/20 MP: 8/10
  2065 | D:2      | Slain by an adder

Illustrated notes

Levels and vault maps discovered:
D:1:      mainiacjoe_arrival_reflecting_pool, layout_basic
D:2:      layout_basic, minmay_stone_trees_small

Skill      XL: |  1  2 |
---------------+-------+-----
Fighting       | 1 |  1.6
Dodging        | |  2.4
Stealth        | |  2.4
Spellcasting   | |  3.6
Transmutations | |  1.1
Earth Magic    | |  3.7

Action                   || total
-------------------------++-------
Melee: Club              ||    94
 Cast: Sandblast         ||    32
  Use: Potion            ||     1
 Stab: Sleeping          ||     2
Armor: Robe              ||    42
Dodge: Dodged            ||    99

Table legend: (Time is in decaauts)
 A = Elapsed time spent in this place.
 B = Non-inter-level travel time spent in this place.
 C = Inter-level travel time spent in this place.
 D = Time resting spent in this place.
 E = Time spent auto-exploring this place.
 F = Levels seen in this place.
 G = Mean time per level.
                   A        B        C        D        E       F      G
               +--------+--------+--------+--------+--------+-----+--------+
         Total |   2092 |   2091 |      1 |    159 |   1641 |   2 | 1046.0 |
       Dungeon |   2092 |   2091 |      1 |    159 |   1641 |   2 | 1046.0 |
               +--------+--------+--------+--------+--------+-----+--------+

Top non-repeatable levels by time:
     D:1: 1852 daAuts
     D:2: 239 daAuts
